 Dungeon Crawl Stone Soup version 0.29-a0-923-g6e406bff71 (webtiles) character file.

Game seed: 18328227918458327717

2839 xian the Ducker (level 10, -1/70 HPs)
             Began as a Djinni Gladiator on July 27, 2022.
             Was an Initiate of Gozag.
             Slain by a wight
             ... wielding a +4 great sword of freezing
              (10 damage)
             ... on level 8 of the Dungeon.
             The game lasted 00:19:04 (6984 turns).

xian the Ducker (Djinni Gladiator)                  Turns: 6984, Time: 00:19:13

Health: -1/70      AC:  5    Str: 17    XL:     10   Next: 3%
Gold:   623        EV: 17    Int: 10    God:    Gozag SH: 11 Dex: 15

rFire   + + .      SeeInvis +   v - +2 trident (venom)
rCold   x . .      Faith    .   j - +2 kite shield
rNeg    . . .      Spirit   .   b - +0 leather armour
rPois   ∞          Reflect  .   r - +2 hat
rElec   .          Harm     .   (no cloak)
rCorr   .          Rampage  .   (no gloves)
Will    +....                   (boots unavailable)
Stlth   ++........              (no amulet)
HPRegen 0.21/turn               m - ring of see invisible
MPRegen 0.00/turn               g - +4 ring of evasion

@: flying
A: sickness immunity, fire resistance 2, cold vulnerability 1, float, innate
caster, HP casting, extra vitality 1
a: Renounce Religion, Potion Petition, Call Merchant, Bribe Branch


You were on level 8 of the Dungeon.
You worshipped Gozag.
Gozag was pleased with you.
You visited 2 branches of the dungeon, and saw 9 of its levels.

You collected 665 gold pieces.
You paid 42 gold pieces to Gozag.

Inventory:

Hand Weapons
 v - a +2 trident of venom (weapon)
Missiles
 a - 4 poisoned darts (quivered)
 d - 3 throwing nets
 e - a javelin
Armour
 b - a +0 leather armour (worn)
 j - a +2 kite shield (worn)
 r - a +2 hat (worn)
Jewellery
 g - a +4 ring of evasion (right hand)
 m - a ring of see invisible (left hand)
 n - a ring of willpower
 p - a ring of wizardry
Wands
 t - a wand of flame (22)
 z - a wand of mindburst (10)
 A - a wand of iceblast (9)
Scrolls
 i - 3 scrolls of teleportation
 u - 2 scrolls of fear
 y - 2 scrolls of immolation
 B - a scroll of enchant armour {unknown}
Potions
 c - a potion of resistance
 f - 3 potions of invisibility
 h - a potion of attraction
 k - a potion of magic {unknown}
 o - 4 potions of lignification
 q - a potion of heal wounds
 s - 4 potions of curing
 w - 3 potions of flight {unknown}
 x - a potion of might {unknown}


   Skills:
 * Level 5.2 Fighting
 - Level 2.7 Long Blades
 * Level 5.8 Polearms
 + Level 3.1 Throwing
 + Level 3.0 Armour
 * Level 6.5 Dodging
 + Level 1.9 Stealth
 + Level 4.2 Shields
 * Level 3.1 Spellcasting
 + Level 0.4 Evocations


You had 6 spell levels left.
You knew the following spells:

 Your Spells              Type           Power      Damage    Failure   Level
a - Shock                 Conj/Air       28%        1d4       26%         1
b - Scorch                Fire           14%        2d5       38%         2
c - Conjure Flame         Conj/Fire      7%         6-21      63%         3
d - Stone Arrow           Conj/Erth      14%        3d7       63%         3
Your spell library was empty.

Dungeon Overview and Level Annotations

Branches:
Dungeon (8/15)             Temple (1/1) D:4
   Lair: D:8-11

Altars:
Dithmenos
Elyvilon
Gozag
Makhleb
Nemelex Xobeh
Okawaru
Trog
Uskayaw
The Shining One


Innate Abilities, Weirdness & Mutations

You are immune to sickness and miasma.
You are immune to poison.
Your flesh is very heat resistant. (rF++)
You are vulnerable to cold. (rC-)
You float through the air rather than walking.
You learn spells naturally, not from books.
Your magical power is your life essence.
You have superior vitality. (+4 MHP)


Message History

You destroy the wight!
The wight completely misses you. You block the wight's attack.
You feel much better. The wight misses you.
Unknown command.
The wight misses you.
Items here: $ ( ))) [[[.
You barely miss the wight.
The wight is almost destroyed.
You block the wight's attack.
You barely miss the wight.
The wight is almost destroyed.
You block the wight's attack.
You closely miss the wight.
The wight is almost destroyed.
You block the wight's attack.
You hit the wight but do no damage.
The wight is almost destroyed.
The wight closely misses you.
You puncture the wight!
You destroy the wight!
You hit the wight.
The wight is lightly damaged.
You block the wight's attack. The wight barely misses you.
You barely miss the wight.
The wight is lightly damaged.
You block the wight's attack.
You puncture the wight!
The wight is heavily damaged.
You block the wight's attack.
You hit the wight but do no damage.
The wight is heavily damaged.
You block the wight's attack.
You puncture the wight!
The wight is almost destroyed.
You block the wight's attack.
The wight hits you with a +4 great sword of freezing!!
* * * LOW HITPOINT WARNING * * *
The wight freezes you!
You die...
Your body crumbles into a pile of gold.

#.######## #.#
####.........
#(#
......#######
#(#
#####.#########$
#z# #^........#
#######.###.#
#########.#
......zz....#
#.# #$#
#.#########.#
#...@z$...(.#
#############


You could see a wight.

Vanquished Creatures
  Pikel (D:8)
  Eustachio (D:5)
  Edmund (D:6)
  2 black bears (D:7)
  A sky beast (D:7)
  4 ice beasts
  An ogre (D:5)
  A phantom (D:5)
  A kobold brigand (D:6)
  A bullfrog (D:7)
  2 necrophages
  2 scorpions (D:6)
  5 wights (D:8)
  6 killer bees (D:6)
  2 jellies
  A gnoll bouda (D:5)
  Jessica (D:2)
  2 iguanas
  An orc wizard (D:6)
  8 gnolls
  10 adders
  2 worms
  3 dart slugs
  4 orcs
  11 ball pythons
  4 endoplasms
  A giant cockroach (D:1)
  3 hobgoblins
  3 jackals (D:1)
  2 quokkas
  2 bats
  4 frilled lizards
  5 goblins
  9 kobolds
  5 rats
  A spectral kobold (D:3)
113 creatures vanquished.

Vanquished Creatures (others)
  2 plants (Temple)
2 creatures vanquished.

Grand Total: 115 creatures vanquished

Notes
Turn   | Place    | Note
-------+----------+-------------------------------------------
     0 | D:1      | xian the Djinni Gladiator began the quest for the Orb.
     0 | D:1      | Reached XP level 1. HP: 18/18 MP: 0/0
   173 | D:1      | Reached XP level 2. HP: 17/23 MP: 0/0
   569 | D:1      | Reached XP level 3. HP: 19/29 MP: 0/0
   569 | D:1      | Learned a level 1 spell: Shock
  1008 | D:2      | Noticed Jessica
  1021 | D:2      | Killed Jessica
  1022 | D:2      | Reached skill level 1 in Armour
  1022 | D:2      | Reached skill level 4 in Dodging
  1022 | D:2      | Reached XP level 4. HP: 24/34 MP: 0/0
  1351 | D:2      | Found a burning altar of Makhleb.
  1948 | D:3      | Reached XP level 5. HP: 38/40 MP: 0/0
  1948 | D:3      | Learned a level 2 spell: Scorch
  2022 | D:3      | Found a faded altar of an unknown god.
  2801 | D:3      | Reached skill level 1 in Shields
  3120 | D:4      | Found a staircase to the Ecumenical Temple.
  3131 | Temple   | Entered the Ecumenical Temple
  3197 | Temple   | Became a worshipper of Gozag Ym Sagoz the Greedy
  3327 | D:4      | Reached XP level 6. HP: 41/46 MP: 0/0
  3542 | D:5      | Entered Level 5 of the Dungeon
  3591 | D:5      | Reached skill level 1 in Polearms
  3591 | D:5      | Reached skill level 1 in Spellcasting
  3771 | D:5      | Noticed an ogre
  3780 | D:5      | Killed an ogre
  3781 | D:5      | Reached XP level 7. HP: 50/50 MP: 0/0
  3781 | D:5      | Learned a level 3 spell: Conjure Flame
  3802 | D:5      | HP: 1/50 [gnoll/+0 flail[a gnoll bouda] (5)]
  3839 | D:5      | Reached skill level 5 in Dodging
  4117 | D:5      | Noticed Eustachio
  4156 | D:5      | Killed Eustachio
  4157 | D:5      | Reached XP level 8. HP: 32/58 MP: 0/0
  4369 | D:5      | Reached skill level 1 in Stealth
  5141 | D:6      | Noticed Edmund
  5149 | D:6      | Killed Edmund
  5981 | D:6      | Reached XP level 9. HP: 43/63 MP: 0/0
  5981 | D:6      | Learned a level 3 spell: Stone Arrow
  6514 | D:7      | Found a bloodstained altar of Trog.
  6530 | D:7      | Reached skill level 5 in Polearms
  6530 | D:7      | Reached skill level 6 in Dodging
  6932 | D:8      | Noticed Pikel
  6947 | D:8      | Killed Pikel
  6948 | D:8      | Reached skill level 5 in Fighting
  6966 | D:8      | Reached XP level 10. HP: 29/70 MP: 0/0
  6984 | D:8      | Slain by a wight

Illustrated notes

Levels and vault maps discovered:
D:1:      psy_arrival_fountain, layout_rooms, dk_noncrumbling_3,
          minmay_misc_feat_encased, serial_park_tiny_1,
          chequers_serial_rivers_micro_c
D:2:      layout_loops_ring, basic_altar, uniq_jessica
D:3:      layout_basic, dreamdust_ecumenical_altar_drowned_temple,
          minmay_snake_closets
D:4:      layout_rooms, minmay_temple_entry_butterflies
D:5:      layout_loops_corners, uniq_eustachio
D:6:      layout_loops_corners, hangedman_decor_peaks_small, uniq_edmund
D:7:      layout_rooms, mainiacjoe_overflow_surrounded_room
D:8:      layout_loops_ring, serial_shops,
          nicolae_shop_temple_entry_statues_fountains, uniq_pikel, uniq_psyche
Temple:   mainiacjoe_temple_circle_huts

Skill      XL: |  1  2  3  4  5  6  7  8  9 |
---------------+----------------------------+-----
Throwing       | 2 3 |  3.1
Armour         | 1 2 3 |  3.0
Dodging        | 4 5 6 |  6.5
Fighting       | 3 4 5 |  5.2
Shields        | 1 2 3 4 |  4.2
Polearms       | 1 3 4 5 |  5.8
Spellcasting   | 1 2 3 |  3.1
Stealth        | 1 |  1.9
Long Blades    | |  2.7
Evocations     | |  0.4

Action                   |  1- 3 |  4- 6 |  7- 9 | 10-12 || total
-------------------------+-------+-------+-------+-------++-------
Melee: Long sword        |    61 |   122 |       |       ||   183
       Punch             |     1 |       |       |       ||     1
       Trident           |       |    34 |   166 |    15 ||   215
Throw: Javelin           |       |    10 |    30 |     1 ||    41
       Dart              |       |       |    25 |     1 ||    26
Evoke: Wand              |       |       |     4 |       ||     4
  Use: Scroll            |     3 |     9 |     3 |       ||    15
       Potion            |       |       |     3 |     1 ||     4
 Stab: Sleeping          |       |     3 |     2 |       ||     5
       Distracted        |       |       |     1 |       ||     1
Armor: Leather armour    |    26 |    28 |    27 |       ||    81
Dodge: Dodged            |    43 |   102 |   142 |     8 ||   295
Block: Kite shield       |     5 |    80 |   135 |    14 ||   234

Table legend: (Time is in decaauts)
 A = Elapsed time spent in this place.
 B = Non-inter-level travel time spent in this place.
 C = Inter-level travel time spent in this place.
 D = Time resting spent in this place.
 E = Time spent auto-exploring this place.
 F = Levels seen in this place.
 G = Mean time per level.
                   A        B        C        D        E       F      G
               +--------+--------+--------+--------+--------+-----+--------+
         Total |   7139 |   6765 |    374 |      0 |   5061 |   9 |  793.2 |
       Dungeon |   7059 |   6696 |    363 |      0 |   5017 |   8 |  882.4 |
        Temple |     80 |     69 |     11 |      0 |     44 |   1 |   80.0 |
               +--------+--------+--------+--------+--------+-----+--------+

Top non-repeatable levels by time:
     D:6: 1469 daAuts
     D:5: 1211 daAuts
     D:3: 1172 daAuts
     D:1: 1021 daAuts
     D:2: 946 daAuts
     D:7: 739 daAuts
     D:4: 409 daAuts
     D:8: 88 daAuts
  Temple: 80 daAuts
